 Dungeon Crawl Stone Soup version 0.27-a0-1191-g601b473118 (webtiles) character file.

Game seed: 10514442730272747127

586 gruber the Digger (level 6, -23/45 HPs)
             Began as a Demigod Earth Elementalist on May 24, 2021.
             Annihilated by a two-headed ogre
             ... wielding a +0 giant spiked club
              (35 damage)
             ... on level 5 of the Dungeon.
             The game lasted 00:05:09 (5618 turns).

gruber the Digger (Demigod Earth Elementalist)      Turns: 5618, Time: 00:05:10

Health: -23/45     AC:  2    Str:  9    XL:     6   Next: 91%
Magic:  3/11       EV: 12    Int: 25    God:
Gold:   199        SH:  0    Dex: 14    Spells: 4/8 levels left

rFire    . . .     SeeInvis .   j - +2 short sword (elec)
rCold    . . .     Faith    .   (no shield)
rNeg     . . .     Spirit   .   c - +0 robe
rPois    +         Reflect  .   (no helmet)
rElec    .         Harm     .   i - scarf {repulsion}
rCorr    .         Rampage  .   (no gloves)
Will     .....                  (no boots)
Stlth    ++........             (no amulet)
HPRegen  0.15/turn              e - ring of poison resistance
MPRegen  0.12/turn              (no ring)

@: repel missiles
A: high mp 1, forlorn
a: no special abilities


You were on level 5 of the Dungeon.
You visited 1 branch of the dungeon, and saw 5 of its levels.

You collected 199 gold pieces.

Inventory:

Hand Weapons
 j - a +2 short sword of electrocution (weapon)
Missiles
 g - 106 stones
 s - a throwing net
Armour
 c - a +0 robe (worn)
 i - a scarf of repulsion (worn)
Jewellery
 e - a ring of poison resistance (left hand)
Scrolls
 a - a scroll of magic mapping {unknown}
 b - 2 scrolls of vulnerability {unknown}
 d - 2 scrolls of fog {unknown}
 f - a scroll of noise {unknown}
 l - a scroll of enchant armour {unknown}
 r - a scroll of identify {unknown}
 u - a scroll of blinking {unknown}
Potions
 h - a potion of curing {unknown}
 k - a potion of heal wounds {unknown}
 m - a potion of attraction {unknown}
 n - a potion of brilliance {unknown}
 o - a potion of cancellation {unknown}
 p - a potion of haste {unknown}
 q - a potion of lignification {unknown}
 t - a potion of invisibility {unknown}


   Skills:
 - Level 0.7 Long Blades
 - Level 1.0(1.2) Axes
 - Level 0.6(1.1) Maces & Flails
 - Level 0.5(1.1) Polearms
 - Level 0.7(1.1) Staves
 - Level 0.7(1.0) Slings
 - Level 0.7 Bows
 - Level 0.9 Crossbows
 - Level 0.6(0.9) Throwing
 - Level 1.7 Dodging
 - Level 1.7 Stealth
 - Level 0.6 Shields
 - Level 1.7 Spellcasting
 * Level 3.6 Conjurations
 - Level 0.5 Hexes
 - Level 0.5 Summonings
 - Level 0.7 Necromancy
 - Level 1.0 Translocations
 - Level 0.8 Transmutations
 - Level 0.9 Fire Magic
 - Level 0.7 Ice Magic
 - Level 0.7 Air Magic
 - Level 4.0 Earth Magic
 - Level 0.5 Poison Magic
 - Level 0.8 Evocations


You had 4 spell levels left.
You knew the following spells:

 Your Spells              Type           Power      Damage    Failure   Level
a - Sandblast             Erth           44%        2d11      2%          1
b - Stone Arrow           Conj/Erth      42%        3d9       7%          3

Your spell library contained the following spells:

 Spells                   Type           Power      Damage    Failure   Level
 Passwall                 Tmut/Erth      11%        N/A       6%          2
 Petrify                  Tmut/Erth      14%        N/A       38%         4
 Lee's Rapid Deconstruct  Erth           11%        3d9*      52%         5


Dungeon Overview and Level Annotations

Branches:
Dungeon (5/15)
 Temple: D:4-7

Shops:
D:2 :((((

Annotations:
D:3 2 transporters, Cralpanu's ghost, amateur MfTm


Innate Abilities, Weirdness & Mutations

Your attributes grow dramatically as you level up.
You have an increased reservoir of magic. (+10% MP)
You shall have no god before yourself.


Message History

An ufetubus is nearby!
Okay, then.
The ufetubus shouts!
A shadow imp comes into view.
The shadow imp shouts!
The ufetubus barely misses you. The ufetubus closely misses you.
Found a green potion.
The blast of sand hits the ufetubus!
You kill the ufetubus!
The shadow imp gestures at you. Pain shoots through your body!
The blast of sand hits the shadow imp but does no damage.
The shadow imp grins evilly.
A two-headed ogre comes into view.
It is wielding two +0 giant spiked clubs.
The blast of sand hits the shadow imp!
You kill the shadow imp!
The two-headed ogre shouts in stereo!
You can't see any susceptible monsters within range! (Use Z to cast anyway.)
You can't see any susceptible monsters within range! (Use Z to cast anyway.)
Casting: Sandblast (safe; 2% risk of failure)
Confirm with . or Enter, or press ? or * to list all spells.
Aiming: Stone Arrow (dangerous; 7% risk of failure)
Press: ? - help, Shift-Dir - straight line, f - two-headed ogre
Aim: a two-headed ogre, wielding two +0 giant spiked clubs (86% to hit)
The stone arrow hits the two-headed ogre!
The two-headed ogre is moderately wounded.
Unknown command.
Unknown command.
The blast of sand hits the two-headed ogre but does no damage.
The two-headed ogre is moderately wounded.
The blast of sand hits the two-headed ogre.
The two-headed ogre is heavily wounded.
The blast of sand hits the two-headed ogre!
The two-headed ogre is severely wounded.
The two-headed ogre hits you with a +0 giant spiked club!!
Ouch! That really hurt!
* * * LOW HITPOINT WARNING * * *
The two-headed ogre hits you with a +0 giant spiked club!!
Ouch! That really hurt!
You die...

.... ..# ... .... #.#
#.# .# ....# #.### #.#
O## #...# #... #.####
..## ## #...####.######
#.##.O ... ..
#.............# #.##.#
.. #. #....#.###.##.#
#.##.# !# #. ....)#.#
#.##.####.##.##.####.##.
#..#.#.#
#......@O............##.
#......#
####.######..##.#######.
#..#.### #.# #..# .# #.
#..#.# #.# #..# .# ##
...#.# #.# #..# .# ##
##.#.# #.# #..# .# #.
#.#># #.# #### .# #.
#.#.# #.# .# ##.#.# #..
#


You could see a two-headed ogre.

Vanquished Creatures
  A sky beast (D:5)
  A hornet zombie (D:5)
  A phantom (D:4)
  A water moccasin zombie (D:5)
  A hound (D:4)
  A bullfrog skeleton (D:5)
  An orc priest (D:5)
  A hound skeleton (D:4)
  A howler monkey zombie (D:5)
  4 adders
  A river rat (D:3)
  A shadow imp (D:5)
  An ufetubus (D:5)
  2 worms
  4 dart slugs
  4 orcs
  5 endoplasms
  7 goblins
  5 hobgoblins
  19 jackals
  6 quokkas
  4 ball pythons
  4 bats
  4 frilled lizards
  6 kobolds
  6 rats
92 creatures vanquished.

Vanquished Creatures (others)
  A plant (D:2)
1 creature vanquished.

Grand Total: 93 creatures vanquished

Notes
Turn   | Place    | Note
-------+----------+-------------------------------------------
     0 | D:1      | gruber the Demigod Earth Elementalist began the quest for
                  | the Orb.
     0 | D:1      | Reached XP level 1. HP: 14/14 MP: 5/5
    61 | D:1      | Reached skill level 3 in Earth Magic
   341 | D:1      | Reached XP level 2. HP: 19/20 MP: 0/7
  1444 | D:2      | Found Hithrem's Weapon Boutique.
  1445 | D:2      | Found Hiov's Antique Weapon Shop.
  1540 | D:2      | HP: 1/20 [kobold/+0 club (4)]
  2011 | D:2      | Reached XP level 3. HP: 24/26 MP: 8/8
  2060 | D:2      | Found Caob's Weapon Boutique.
  2155 | D:2      | Reached skill level 4 in Earth Magic
  2259 | D:2      | Found Pofogier's Weapon Emporium.
  2268 | D:2      | Learned a level 3 spell: Stone Arrow
  2736 | D:2      | Found Viynk's Book Shoppe.
  3282 | D:3      | Found a transporter.
  3282 | D:3      | Noticed Cralpanu's ghost (amateur MfTm)
  3401 | D:3      | Reached XP level 4. HP: 25/33 MP: 9/9
  3646 | D:3      | Found a glowing drain.
  3841 | D:3      | Found a transporter.
  4333 | D:4      | Reached XP level 5. HP: 30/38 MP: 7/10
  5022 | D:5      | Entered Level 5 of the Dungeon
  5138 | D:5      | Noticed a sky beast
  5143 | D:5      | Killed a sky beast
  5144 | D:5      | Reached skill level 1 in Axes
  5144 | D:5      | Reached skill level 1 in Translocations
  5144 | D:5      | Reached XP level 6. HP: 45/45 MP: 7/11
  5195 | D:5      | Reached skill level 1 in Conjurations
  5606 | D:5      | Noticed a two-headed ogre
  5618 | D:5      | Annihilated by a two-headed ogre

Illustrated notes

Levels and vault maps discovered:
D:1:      matt_arrival_los_fun, layout_rooms
D:2:      layout_basic, serial_shops, nicolae_shop_statue_plus,
          nicolae_shop_competitors_out_of_business, shop_statue,
          nicolae_shop_trees, shop, serial_forest, infiniplex_forest_straight_3,
          infiniplex_forest_clump_C, infiniplex_forest_lined_2,
          infiniplex_forest_zigzag_2, infiniplex_forest_straight_3,
          infiniplex_forest_lined_corner, infiniplex_forest_lined_2,
          infiniplex_forest_clump_small, hangedman_decor_points,
          minmay_pentomino_s2
D:3:      layout_rooms, nicolae_qazlal_general_emergency, trog_book,
          gammafunk_ghost_arena, gup_sewer_entry_spiral
D:4:      layout_loops_cross, grunt_dithmenos_smoke
D:5:      layout_loops_ring

Skill      XL: |  1  2  3  4  5  6 |
---------------+-------------------+-----
Earth Magic    | 3 4 |  4.0
Axes           | 1 |  1.0
Translocations | 1 |  1.0
Conjurations   | 3 |  3.6
Long Blades    | |  0.7
Maces & Flails | |  0.6
Polearms       | |  0.5
Staves         | |  0.7
Slings         | |  0.7
Bows           | |  0.7
Crossbows      | |  0.9
Throwing       | |  0.6
Dodging        | |  1.7
Stealth        | |  1.7
Shields        | |  0.6
Spellcasting   | |  1.7
Hexes          | |  0.5
Summonings     | |  0.5
Necromancy     | |  0.7
Transmutations | |  0.8
Fire Magic     | |  0.9
Ice Magic      | |  0.7
Air Magic      | |  0.7
Poison Magic   | |  0.5
Evocations     | |  0.8

Action                   |  1- 3 |  4- 6 || total
-------------------------+-------+-------++-------
Melee: Unarmed           |     3 |       ||     3
       Dagger            |    98 |       ||    98
       Short sword       |    23 |    93 ||   116
 Cast: Sandblast         |    46 |    49 ||    95
       Stone Arrow       |       |     1 ||     1
Armor: Robe              |    32 |    11 ||    43
Dodge: Dodged            |   109 |    81 ||   190

Table legend: (Time is in decaauts)
 A = Elapsed time spent in this place.
 B = Non-inter-level travel time spent in this place.
 C = Inter-level travel time spent in this place.
 D = Time resting spent in this place.
 E = Time spent auto-exploring this place.
 F = Levels seen in this place.
 G = Mean time per level.
                   A        B        C        D        E       F      G
               +--------+--------+--------+--------+--------+-----+--------+
         Total |   5664 |   5570 |     94 |    447 |   4287 |   5 | 1132.8 |
       Dungeon |   5664 |   5570 |     94 |    447 |   4287 |   5 | 1132.8 |
               +--------+--------+--------+--------+--------+-----+--------+

Top non-repeatable levels by time:
     D:2: 1683 daAuts
     D:1: 1275 daAuts
     D:4: 1140 daAuts
     D:3: 967 daAuts
     D:5: 597 daAuts
